 Dungeon Crawl Stone Soup version 0.24-a0-279-ga7546fe674 (webtiles) character file.

Game seed: 11561812958060669790

103334 HAL9000 the Imperceptible (level 16, -6/81 HPs)
             Began as a Vine Stalker Assassin on Apr 29, 2019.
             Was the Champion of Dithmenos.
             Mangled by a salamander
             ... wielding a +0 glaive
              (7 damage)
             ... on level 2 of the Snake Pit on May 1, 2019.
             The game lasted 01:32:25 (28911 turns).

HAL9000 the Imperceptible (Vine Stalker Assassin)  Turns: 28911, Time: 01:32:26

Health: -6/81      AC: 16    Str: 22    XL:     16   Next: 35%
Magic:  0/19       EV:  7    Int: 15    God:    Dithmenos [******]
Gold:   2879       SH: 10    Dex: 16    Spells: 15/17 levels left

rFire    . . .     SeeInvis .   e - +2 rapier (drain)
rCold    . . .     Gourm    .   n - +0 shield {AC+3}
rNeg     . . .     Faith    .   E - +0 swamp dragon scales
rPois    +         Spirit   +   x - +0 helmet
rElec    .         Reflect  .   j - +2 cloak
rCorr    .         Harm     .   (no gloves)
MR       ++...                  Y - +2 pair of boots {run}
Stlth    ++++++++++             J - amulet of the acrobat
HPRegen  1.03/turn              G - ring of stealth
MPRegen  0.16/turn              V - ring "Pyosuof" {rPois Str+4 Int+3}

@: lethally poisoned (-6 -> -6), about to teleport, very slightly contaminated,
wreathed by umbra, constricted, quick
A: fangs 3, deformed body, mutation resistance 1, regeneration 2, weak 1, magic
shield, antimagic bite, no potion heal 3, rot immunity
a: Shadow Step, Shadow Form, Renounce Religion


You were on level 2 of the Snake Pit.
You worshipped Dithmenos.
Dithmenos was exalted by your worship.
You were hungry.

You visited 5 branches of the dungeon, and saw 26 of its levels.
You also visited: Ice Cave.

You collected 2879 gold pieces.

Inventory:

Hand Weapons
 b - a +0 blowgun
 e - a +2 rapier of draining (weapon)
 f - a +4 quick blade
 A - a +2 vampiric short sword
 D - a +2 dagger of draining
Missiles
 c - 14 poisoned needles
 v - 28 tomahawks (quivered)
 N - 6 curare-tipped needles
 Q - 4 javelins
 R - 5 steel javelins
Armour
 j - a +2 cloak (worn)
 n - a +0 shield of protection (worn)
 x - a +0 helmet (worn)
 E - +0 swamp dragon scales (worn)
 Y - a +2 pair of boots of running (worn)
Jewellery
 G - a ring of stealth (left hand)
 J - an amulet of the acrobat (around neck)
 V - the ring "Pyosuof" (right hand) {rPois Str+4 Int+3}
   (You found it on level 6 of the Lair of Beasts)

   [ring of strength]

   It affects your strength (+4).
   It affects your intelligence (+3).
   It protects you from poison.
 X - an uncursed ring of flight
Wands
 a - a wand of random effects (19)
 t - a wand of clouds (3)
 w - a wand of digging (12)
 y - a wand of iceblast (16)
 H - a wand of disintegration (12)
 P - a wand of acid (4)
Scrolls
 h - 10 scrolls of remove curse
 r - 10 scrolls of magic mapping
 s - 7 scrolls of teleportation
 L - 4 scrolls of fog
 S - 2 scrolls of blinking
Potions
 i - a potion of invisibility
 k - 2 potions of might
 m - 6 potions of heal wounds {unknown}
 o - a potion of agility
 p - 2 potions of magic
 q - 2 potions of ambrosia
 u - 13 potions of curing
 z - 4 potions of flight
 B - a potion of cancellation {unknown}
 C - 3 potions of resistance
 I - 2 potions of haste
 O - 4 potions of brilliance
Miscellaneous
 d - a fan of gales
Comestibles
 g - 41 rations


   Skills:
 - Level 8.1 Fighting
 - Level 10.0 Short Blades
 - Level 2.3 Throwing
 - Level 6.5 Armour
 - Level 3.0 Dodging
 + Level 25.6 Stealth
 + Level 4.4 Shields
 - Level 1.4 Spellcasting
 - Level 5.8 Translocations
 - Level 3.0 Invocations


You had 15 spell levels left.
You knew the following spells:

 Your Spells              Type           Power        Failure   Level  Hunger
a - Blink                 Tloc           N/A          19%         2    ###....

Your spell library contained the following spells:

 Spells                   Type           Power        Failure   Level  Hunger
 Recall                   Summ/Tloc      N/A          77%         3    ####...
 Freeze                   Ice            #...         80%         1    ##.....
 Magic Dart               Conj           #...         80%         1    ##.....
 Call Imp                 Summ           #.......     91%         2    ###....
 Poisonous Vapours        Pois/Air       #.....       91%         2    ###....
 Slow                     Hex            #.......     91%         2    ###....
 Throw Frost              Conj/Ice       #.....       91%         2    ###....
 Conjure Flame            Conj/Fire      #.......     99%         3    ####...
 Mephitic Cloud           Conj/Pois/Air  #.......     99%         3    ####...
 Ozocubu's Armour         Chrm/Ice       #.......     99%         3    ####...
 Leda's Liquefaction      Hex/Erth       #.........   100%        4    #####..
 Summon Ice Beast         Ice/Summ       #.......     100%        4    #####..
 Throw Icicle             Conj/Ice       #.......     100%        4    #####..
 Aura of Abjuration       Summ           #.........   100%        5    ######.
 Bolt of Magma            Conj/Fire/Erth #.........   100%        5    ######.
 Summon Demon             Summ           #.........   100%        5    ######.
 Summon Forest            Summ/Tloc      #.........   100%        5    ######.
 Summon Mana Viper        Hex/Summ       #.......     100%        5    ######.
 Freezing Cloud           Conj/Ice/Air   #.........   100%        6    #######
 Iron Shot                Conj/Erth      #.........   100%        6    #######
 Shadow Creatures         Summ           N/A          100%        6    #######
 Statue Form              Tmut/Erth      #........    100%        6    #######
 Ring of Flames           Chrm/Fire      #.........   100%        7    #######
 Shatter                  Erth           #.........   100%        9    #######


Dungeon Overview and Level Annotations

Branches:
Dungeon (15/15)            Temple (1/1) D:6            Lair (6/6) D:8
 Shoals (0/4) Lair:2        Snake (2/4) Lair:2        Slime (0/5) Lair:6
    Orc (2/2) D:10            Elf (0/3) Orc:2        Vaults (0/5) D:14
 Depths (0/5) D:15

Altars:
Ashenzari
Cheibriados
Dithmenos
Elyvilon
Fedhas
Gozag
Hepliaklqana
Kikubaaqudgha
Makhleb
Nemelex Xobeh
Okawaru
Qazlal
Ru
Sif Muna
Trog
Uskayaw
Vehumet
Wu Jian
Xom
Yredelemnul
Zin
The Shining One
Beogh
Jiyva

Shops:
Orc:2 [(*=

Annotations:
Lair:5 exclusion: 3 oklob plants


Innate Abilities, Weirdness & Mutations

You have razor-sharp teeth.
You heal very quickly.
When hurt, damage is shared between your health and your magic reserves.
Your bite disrupts and absorbs the magic of your enemies.
Potions cannot restore your health.
You are immune to rotting.
Armour fits poorly on your strangely shaped body.
You are somewhat resistant to further mutation.
You are weak. (Str -2)


Message History

* * * LOW HITPOINT WARNING * * *
You block the anaconda's attack. The anaconda barely misses you.
The naga spits poison at you. You block the splash of poison.
Casting: Blink (safe; 19% risk of failure)
Confirm with . or Enter, or press ? or * to list all spells.
You blink.
You feel sick.
The guardian serpent coils itself and performs some mystic snake dance.
The naga warrior blinks!
The anaconda blinks!
The salamander blinks!
The naga blinks! x2; The naga misses you.
The naga grabs you.
* * * LOW HITPOINT WARNING * * *
The naga constricts you. You block the salamander's attack.
The naga hits you with a +0 hand axe.
* * * LOW HITPOINT WARNING * * *
You block the naga warrior's attack.
The anaconda bites you but does no damage.
The salamander hits you with a +0 glaive!
* * * LOW HITPOINT WARNING * * *
You are engulfed in flames!
You die...

#..#....###....NNN.#......
#..........)..S.§........
##.)).....................
##...###..##......§........
#....###..###...§.##.......
##....##..##...§§##........
###..##..#......#........
##.......NNN.......$...
##.##...S@N....##.....
..####..NNN....#...... ##.
#...##.........# #.
#...####.......## #.......
#..###..# #..###.. ...## .#
.. ###.# .# #.. .. ## .


You could see 2 naga warriors, 2 salamanders, an anaconda, a guardian serpent
and 3 nagas.

Vanquished Creatures
  Saint Roka (Orc:2)
  Rupert (Lair:4)
  Gastronok (Lair:1)
  An orc warlord (Orc:2)
  Nessos (Lair:4)
  A dire elephant (D:15)
  Snorg (D:10)
  A fire dragon (D:15)
  2 naga warriors
  7 hydras
  An ice dragon (D:14)
  Erolcha (Orc:1)
  3 anacondas (Snake:1)
  3 centaur warriors
  4 catoblepae
  4 two-headed ogres
  A death knight (D:15)
  A tengu warrior (D:15)
  11 death yaks
  An orc high priest (Orc:2)
  2 naga sharpshooters (Snake:1)
  2 shock serpents (Snake:1)
  Sonja (Lair:2)
  5 unseen horrors
  A wizard (D:14)
  A naga ritualist (Snake:2)
  6 orc knights
  9 ugly things
  A mana viper (Snake:1)
  A wolf spider (D:15)
  3 orc sorcerers
  2 manticores (Lair:6)
  A guardian serpent (Lair:1)
  A salamander (Snake:2)
  4 elephants (Lair:6)
  Maurice (D:10)
  A cyclops (D:13)
  An ice statue (D:14)
  2 centaur zombies (D:15)
  7 spiny frogs
  4 black mambas
  A naga mage (Snake:1)
  2 gargoyles
  4 kobold demonologists
  11 komodo dragons
  An efreet (D:12)
  A meliai (shapeshifter) (D:13)
  A queen bee (D:11)
  9 trolls
  A queen bee (shapeshifter) (D:15)
  3 polar bears (Lair:2)
  13 blink frogs
  Grinder (D:4)
  5 slime creatures
  A snapping turtle (Lair:2)
  5 dream sheep
  8 hippogriffs
  A meliai zombie (D:13)
  A centaur simulacrum (D:14)
  Eustachio (D:4)
  8 wyverns
  3 wraiths
  A spriggan (D:7)
  Grum (D:10)
  3 basilisks
  47 yaks
  16 humans
  6 vampire mosquitoes
  2 steam dragons
  2 hungry ghosts
  2 wargs (Orc:1)
  5 nagas
  7 water moccasins
  5 porcupines
  A soldier ant (D:12)
  25 orc warriors
  3 sky beasts
  29 ice beasts
  A black bear (D:10)
  2 phantoms
  8 ogres
  2 eyes of draining (D:13)
  8 wolves
  15 centaurs
  15 crocodiles
  Blork the orc (D:4)
  A big kobold (D:15)
  12 bullfrogs
  A wyvern skeleton (D:8)
  6 scorpions
  17 killer bees
  13 wights
  An electric eel (Lair:2)
  A howler monkey (D:11)
  7 crimson imps
  2 quasits
  6 hounds
  3 jellies
  3 bullfrog skeletons
  18 orc priests
  Crazy Yiuf (D:4)
  5 centaur skeletons
  2 iguanas
  19 orc wizards
  Ijyb (D:3)
  Terence (D:3)
  9 worker ants
  A hound skeleton (D:6)
  A howler monkey zombie (D:6)
  Robin (D:3)
  A worker ant zombie (D:7)
  4 gnolls (D:6)
  2 howler monkey skeletons
  21 adders
  2 shadow imps
  A white imp (D:14)
  An adder zombie (D:5)
  2 adder skeletons
  A dart slug (D:1)
  7 leopard geckos
  69 orcs
  9 ball pythons
  5 giant cockroaches
  15 goblins
  16 hobgoblins
  18 jackals
  9 quokkas
  7 bats
  7 frilled lizards
  2 jackal skeletons
  A jackal zombie (D:5)
  10 kobolds
  A leopard gecko skeleton (D:4)
  A quokka skeleton (D:9)
  9 rats
744 creatures vanquished.

Vanquished Creatures (collateral kills)
  A plant (D:11)
1 creature vanquished.

Vanquished Creatures (others)
  4 fungi
  2 plants
6 creatures vanquished.

Grand Total: 751 creatures vanquished

Notes
Turn   | Place    | Note
-------+----------+-------------------------------------------
     0 | D:1      | HAL9000 the Vine Stalker Assassin began the quest for the
                  | Orb.
     0 | D:1      | Reached XP level 1. HP: 11/11 MP: 2/2
    91 | D:1      | Reached skill level 5 in Stealth
   171 | D:1      | Reached XP level 2. HP: 8/15 MP: 3/3
   854 | D:1      | Reached XP level 3. HP: 18/18 MP: 4/4
  1120 | D:2      | Reached skill level 6 in Stealth
  1413 | D:2      | Gained mutation: Your natural rate of healing is unusually
                  | fast. [Vine Stalker growth]
  1413 | D:2      | Reached XP level 4. HP: 13/23 MP: 2/5
  1844 | D:3      | Noticed Ijyb
  1871 | D:3      | Killed Ijyb
  1871 | D:3      | Reached XP level 5. HP: 26/26 MP: 6/6
  1901 | D:3      | Found a faded altar of an unknown god.
  1917 | D:3      | Reached skill level 7 in Stealth
  2051 | D:3      | Noticed Robin
  2054 | D:3      | Noticed Terence
  2123 | D:3      | Found a stormy altar of Qazlal.
  2316 | D:3      | Killed Terence
  2353 | D:3      | Killed Robin
  2353 | D:3      | Reached skill level 1 in Shields
  2409 | D:3      | Found an opulent altar of Gozag.
  2495 | D:3      | Reached XP level 6. HP: 30/30 MP: 7/7
  2715 | D:4      | Noticed a phantom
  2768 | D:4      | Noticed Eustachio
  2918 | D:4      | Killed Eustachio
  2918 | D:4      | Reached skill level 8 in Stealth
  2934 | D:4      | Reached XP level 7. HP: 13/34 MP: 4/8
  3003 | D:4      | Noticed Blork the orc
  3012 | D:4      | Killed Blork the orc
  3421 | D:4      | Reached skill level 9 in Stealth
  3614 | D:4      | Gained mutation: You have razor-sharp teeth. [Vine Stalker
                  | growth]
  3614 | D:4      | Reached XP level 8. HP: 38/38 MP: 9/9
  3720 | D:4      | Reached skill level 5 in Short Blades
  3763 | D:4      | Found a hazy altar of Hepliaklqana.
  3809 | D:4      | Found a runed translucent door.
  3810 | D:4      | Noticed Crazy Yiuf
  3847 | D:4      | Noticed Grinder
  3851 | D:4      | Killed Grinder
  3851 | D:4      | Reached skill level 10 in Stealth
  4103 | D:4      | Killed Crazy Yiuf
  4323 | D:5      | Entered Level 5 of the Dungeon
  4446 | D:5      | Found a glowing golden altar of the Shining One.
  4507 | D:5      | Found a sparkling altar of Nemelex Xobeh.
  4706 | D:5      | Found a sparkling altar of Nemelex Xobeh.
  4905 | D:6      | Found a staircase to the Ecumenical Temple.
  4923 | Temple   | Entered the Ecumenical Temple
  5003 | D:6      | Reached skill level 11 in Stealth
  5073 | D:6      | Reached XP level 9. HP: 40/42 MP: 10/10
  5641 | D:7      | Found a white marble altar of Elyvilon.
  5663 | D:7      | Found a glowing golden altar of the Shining One.
  5841 | D:7      | Found an ancient bone altar of Kikubaaqudgha.
  5866 | D:7      | Reached skill level 12 in Stealth
  5923 | D:7      | Found a glowing silver altar of Zin.
  6918 | D:8      | Found a shadowy altar of Dithmenos.
  6920 | D:8      | Found a shattered altar of Ashenzari.
  6949 | D:8      | Became a worshipper of Dithmenos the Shadowed
  7126 | D:8      | Noticed a komodo dragon
  7134 | D:8      | Killed a komodo dragon
  7134 | D:8      | Reached skill level 13 in Stealth
  7134 | D:8      | Reached XP level 10. HP: 46/46 MP: 11/11
  7138 | D:8      | Found a staircase to the Lair.
  8033 | Lair:1   | Entered Level 1 of the Lair of Beasts
  8088 | Lair:1   | Reached skill level 14 in Stealth
  8273 | Lair:1   | Noticed Gastronok
  8304 | Lair:1   | Killed Gastronok
  8304 | Lair:1   | Reached skill level 15 in Stealth
  8458 | Lair:1   | Noticed a black mamba
  8478 | Lair:1   | Killed a black mamba
  8494 | Lair:1   | Reached XP level 11. HP: 8/50 MP: 12/12
  8685 | Lair:1   | Reached skill level 16 in Stealth
  9304 | Lair:2   | Found a staircase to the Snake Pit.
  9313 | Lair:2   | HP: 2/50 [guardian serpent/bolt of poison (4)]
  9462 | Lair:2   | Learned a level 2 spell: Blink
  9481 | Lair:2   | Reached skill level 17 in Stealth
 10206 | Lair:2   | Found a staircase to the Shoals.
 10240 | Lair:2   | Reached skill level 18 in Stealth
 10296 | Lair:2   | Reached * piety under Dithmenos
 10496 | Lair:2   | Gained mutation: You heal very quickly. [Vine Stalker
                  | growth]
 10496 | Lair:2   | Reached XP level 12. HP: 35/54 MP: 13/13
 10755 | Lair:2   | Noticed Sonja
 10767 | Lair:2   | Killed Sonja
 11116 | Lair:3   | Reached skill level 10 in Short Blades
 11186 | Lair:2   | Reached skill level 19 in Stealth
 11967 | Lair:4   | Noticed Rupert
 12000 | Lair:4   | Killed Rupert
 12174 | Lair:4   | Noticed a death yak
 12175 | Lair:4   | Noticed a death yak
 12175 | Lair:4   | Noticed a death yak
 12278 | Lair:3   | Killed a death yak
 12278 | Lair:3   | Reached skill level 20 in Stealth
 12434 | Lair:4   | Noticed Nessos
 12439 | Lair:4   | Killed Nessos
 12712 | Lair:4   | Reached skill level 1 in Spellcasting
 12712 | Lair:4   | Reached skill level 1 in Translocations
 12881 | Lair:4   | Noticed a death yak
 12909 | Lair:3   | Killed a death yak
 13123 | Lair:4   | Reached ** piety under Dithmenos
 13232 | Lair:5   | Reached skill level 5 in Translocations
 13232 | Lair:5   | Reached XP level 13. HP: 46/58 MP: 16/16
 13795 | Lair:3   | Reached skill level 1 in Armour
 14242 | Lair:6   | Entered Level 6 of the Lair of Beasts
 14373 | Lair:6   | Reached skill level 21 in Stealth
 14502 | Lair:6   | Reached *** piety under Dithmenos
 15153 | Lair:6   | Found a viscous altar of Jiyva.
 15153 | Lair:6   | Found a staircase to the Slime Pits.
 15351 | Lair:6   | Reached XP level 14. HP: 64/67 MP: 17/17
 15548 | Lair:6   | Reached skill level 5 in Fighting
 15548 | Lair:6   | Reached skill level 5 in Armour
 15833 | Lair:6   | Got a slimy jade ring
 15839 | Lair:6   | Identified the ring "Pyosuof" {rPois Str+4 Int+3} (You
                  | found it on level 6 of the Lair of Beasts)
 16749 | D:9      | Reached skill level 22 in Stealth
 16985 | D:9      | Found a stormy altar of Qazlal.
 17074 | D:10     | Entered Level 10 of the Dungeon
 17075 | D:10     | Noticed Grum
 17109 | D:9      | Reached **** piety under Dithmenos
 17151 | D:10     | Killed Grum
 17224 | D:10     | Noticed Maurice
 17233 | D:10     | Killed Maurice
 17269 | D:10     | Noticed Snorg
 17279 | D:10     | Killed Snorg
 17305 | D:10     | Found a shadowy altar of Dithmenos.
 17815 | D:10     | Found a staircase to the Orcish Mines.
 18919 | D:11     | Identified a scroll of acquirement
 19230 | D:12     | Reached ***** piety under Dithmenos
 20515 | D:13     | Found a frozen archway.
 20567 | IceCv    | Entered an ice cave
 20568 | IceCv    | Found a transporter.
 20622 | IceCv    | Found a transporter.
 20675 | D:13     | Reached skill level 23 in Stealth
 21563 | D:14     | Reached skill level 1 in Invocations
 21697 | D:13     | Reached XP level 15. HP: 66/74 MP: 18/18
 21744 | D:14     | Found a gate to the Vaults.
 22014 | D:14     | Identified a +2 pair of boots of running (You found it on
                  | level 14 of the Dungeon)
 22694 | D:14     | Reached ****** piety under Dithmenos
 23055 | D:15     | Entered Level 15 of the Dungeon
 23536 | D:15     | Reached skill level 24 in Stealth
 23886 | D:15     | Found a staircase to the Depths.
 24959 | Lair:1   | Upgraded the game from 0.24-a0-278-gefa197325e to
                  | 0.24-a0-279-ga7546fe674
 25127 | Orc:1    | Entered Level 1 of the Orcish Mines
 25291 | Orc:1    | Reached skill level 1 in Dodging
 25598 | Orc:1    | Noticed Erolcha
 25604 | Orc:1    | Killed Erolcha
 26067 | Orc:2    | Entered Level 2 of the Orcish Mines
 26086 | Orc:2    | Noticed an orc warlord
 26182 | Orc:2    | Found a staircase to the Elven Halls.
 26507 | Orc:2    | Killed an orc warlord
 26636 | Orc:2    | Noticed Saint Roka
 26777 | Orc:2    | Gained mutation: You are weak. (Str -2) [a neqoxec]
 26963 | Orc:2    | Found a roughly hewn altar of Beogh.
 26969 | Orc:2    | Gained mutation: Armour fits poorly on your strangely
                  | shaped body. [a neqoxec]
 26973 | Orc:2    | Gained mutation: You are somewhat resistant to further
                  | mutation. [a neqoxec]
 27479 | Orc:2    | Reached XP level 16. HP: 74/81 MP: 17/19
 27590 | Orc:2    | Killed Saint Roka
 27590 | Orc:2    | Reached skill level 25 in Stealth
 27628 | Orc:2    | Found Ruex's Antique Armour Emporium.
 27658 | Orc:2    | Found Fuysucah's Jewellery Emporium.
 27660 | Orc:2    | Found Goku's General Store.
 27673 | Orc:2    | Found Cekiaskunid's Antique Weapon Emporium.
 28174 | Snake:1  | Entered Level 1 of the Snake Pit
 28911 | Snake:2  | HP: 1/81 [salamander/+0 glaive (9)]
 28911 | Snake:2  | Mangled by a salamander

Levels and vault maps discovered:
D:1:      dpeg_arrival_short_road, layout_loops_corners,
          hangedman_decor_slide_cut
D:2:      layout_basic
D:3:      layout_loops_ring, nicolae_gozag_seed_capital,
          chequers_ecumenical_altar_simple_redux, first_ration,
          grunt_qazlal_clouds, uniq_ijyb, uniq_robin, uniq_terence
D:4:      layout_rooms, old_standard_altar, serial_bayou_ford_a,
          minmay_snake_closets, uniq_eustachio, uniq_grinder,
          uniq_crazy_yiuf_cottage, uniq_blork_the_orc
D:5:      layout_rooms, tso_oasis_becter, nemelex_xobeh_ov_fountains_minmay,
          basic_altar
D:6:      layout_gridville, minmay_temple_entry_nine_rooms
D:7:      layout_loops_corners, elyvilon_altar_5, kiku_gazebo_pond_becter,
          basic_altar, the_bakery, tso_metal_star
D:8:      layout_basic, chequers_temple_overflow_statue_of_worship,
          erik_lair_dragon
D:9:      layout_small_grid, old_standard_altar, minmay_misc_feat_rugged
D:10:     layout_cave_pods, orc_0_dummy, grunt_dithmenos_smoke, uniq_maurice,
          uniq_snorg, uniq_grum
D:11:     layout_cave_pools, nicolae_looking_at_the_future
D:12:     layout_layer_cave
D:13:     layout_grid_maze, portal_ice_cave_entry_ice_beasts
D:14:     layout_loops_corners, david_vaults_3, minivault_19, ice2_lemuel
D:15:     hangedman_depths_entry_try_elsewhere_first, layout_basic,
          nrook_mini_backslash
Temple:   cyrus_circular_temple
Lair:1:   layout_cave_pods, beast_lair_carwin_11, uniq_gastronok
Lair:2:   layout_roguey, minmay_shoals_entry_hut,
          minmay_snake_entry_spellcaster, st_stairs_4, gammafunk_lair_bear_cave,
          uniq_sonja
Lair:3:   layout_regular_city, grunt_megastairs_3
Lair:4:   layout_gridlike, uniq_rupert, uniq_nessos
Lair:5:   layout_gridlike, minmay_lair_oklob_chamber
Lair:6:   evilmike_catoblepas_cave, layout_hall_layers, slime_altar_1,
          grunt_megastairs_4
Snake:1:  layout_onion_interference
Snake:2:  layout_cave_shapes, lemuel_fruit_tree, serial_bayou_shore_a,
          grunt_megastairs_1, serial_bayou_shore_b, uniq_azrael, uniq_asterion,
          uniq_saint_roka
Orc:1:    cheibrodos_orc_bank, layout_caves, uniq_erolcha
Orc:2:    grunt_orc_cross, layout_diamond_mine

Skill      XL: |  1  2  3  4  5  6  7  8  9 10 11 12 13 14 15 16 |
---------------+-------------------------------------------------+-----
Stealth        | 5 6 7 8 9 11 13 15 18 20 21 23 24 25 | 25.6
Short Blades   | 2 3 4 6 8 9 10 | 10.0
Shields        | 1 2 3 4 |  4.4
Spellcasting   | 1 |  1.4
Translocations | 5 |  5.8
Fighting       | 4 6 8 |  8.1
Armour         | 4 6 |  6.5
Throwing       | 2 |  2.3
Invocations    | 1 3 |  3.0
Dodging        | 2 3 |  3.0

Action                   |  1- 3 |  4- 6 |  7- 9 | 10-12 | 13-15 | 16-18 || total
-------------------------+-------+-------+-------+-------+-------+-------++-------
Melee: Dagger            |    84 |   184 |   421 |   723 |  2205 |   186 ||  3803
       Bite              |    12 |    49 |   124 |   265 |   948 |    83 ||  1481
       Quick blade       |       |       |       |       |     1 |       ||     1
       Rapier            |       |       |       |       |       |    22 ||    22
 Fire: Blowgun           |       |     6 |     4 |    30 |     8 |       ||    48
Throw: Tomahawk          |       |       |     2 |     6 |    11 |       ||    19
       Javelin           |       |       |       |       |     7 |       ||     7
 Cast: Blink             |       |       |       |       |       |     2 ||     2
Invok: Shadow Step       |       |       |       |       |     3 |       ||     3
Evoke: Wand              |       |       |     2 |       |    21 |       ||    23
       Fan of gales      |       |       |       |       |     1 |       ||     1
  Use: Scroll            |       |     8 |     7 |     9 |    14 |     7 ||    45
       Potion            |       |       |       |     1 |     1 |     3 ||     5
 Stab: Sleeping          |    16 |     9 |    37 |    25 |   121 |    15 ||   223
       Distracted        |       |       |     3 |       |    13 |     1 ||    17
  Eat: Chunk             |     2 |     4 |    14 |    16 |    38 |     4 ||    78
       Ration            |       |       |       |     1 |     2 |       ||     3
Armor: Robe              |    19 |    54 |   121 |    14 |       |       ||   208
       Swamp dragon scal |       |       |       |   175 |   623 |    55 ||   853
Dodge: Dodged            |    41 |    97 |   139 |   207 |   963 |    61 ||  1508
Block: Buckler           |    12 |    47 |    88 |   138 |   448 |     8 ||   741
       Shield            |       |       |       |       |       |    48 ||    48

Table legend:
 A = Non-vault XP
 B = Vault XP
 C = Vault XP percentage of total XP
 D = Non-vault monster count
 E = Vault monster count
 F = Vault count percentage of total count
                 A         B        C        D         E       F
            +---------+---------+-------+---------+---------+-------
      Total |   91848 |   55773 |  37.8 |     547 |     197 |  26.5
            +---------+---------+-------+---------+---------+-------
        D:1 |      43 |       0 |   0.0 |      23 |       0 |   0.0
        D:2 |      77 |       2 |   2.5 |      27 |       1 |   3.6
        D:3 |     102 |      97 |  48.7 |      27 |       8 |  22.9
        D:4 |     617 |     733 |  54.3 |      27 |      17 |  38.6
        D:5 |     337 |       0 |   0.0 |      11 |       0 |   0.0
        D:6 |     731 |       0 |   0.0 |      23 |       0 |   0.0
        D:7 |     671 |     211 |  23.9 |      10 |       1 |   9.1
        D:8 |    1106 |     990 |  47.2 |      26 |       5 |  16.1
        D:9 |    1738 |       0 |   0.0 |      24 |       0 |   0.0
       D:10 |    4673 |    2070 |  30.7 |      34 |       5 |  12.8
       D:11 |    1817 |     926 |  33.8 |      20 |      11 |  35.5
       D:12 |    4439 |       0 |   0.0 |      23 |       0 |   0.0
       D:13 |    6862 |    3133 |  31.3 |      41 |      17 |  29.3
       D:14 |    6702 |    6516 |  49.3 |      19 |      21 |  52.5
       D:15 |   14190 |    2754 |  16.3 |      37 |       3 |   7.5
     Lair:1 |    1766 |    4728 |  72.8 |       9 |       9 |  50.0
     Lair:2 |    5856 |    2297 |  28.2 |      28 |       8 |  22.2
     Lair:3 |    5118 |     304 |   5.6 |      12 |       2 |  14.3
     Lair:4 |    3391 |    4376 |  56.3 |      13 |       2 |  13.3
     Lair:5 |    4822 |    1710 |  26.2 |      20 |       2 |   9.1
     Lair:6 |    9190 |   11036 |  54.6 |      26 |      23 |  46.9
    Snake:1 |    9500 |       0 |   0.0 |      15 |       0 |   0.0
    Snake:2 |    2412 |       0 |   0.0 |       5 |       0 |   0.0
      Orc:1 |    2133 |    1893 |  47.0 |      18 |      19 |  51.4
      Orc:2 |    3555 |   10184 |  74.1 |      29 |      35 |  54.7
      IceCv |       0 |    1813 | 100.0 |       0 |       8 | 100.0
            +---------+---------+-------+---------+---------+-------
